 Dungeon Crawl Stone Soup version 0.31.0-12-g77e489cdc1 (webtiles) character file.

Game seed: 6479148482358936566

84 lordive the Conjurer (level 4, -2/24 HPs)
             Began as a Tengu Conjurer on Feb 28, 2024.
             Slain by a gnoll
             ... wielding a +0 spear
              (7 damage)
             ... on level 4 of the Dungeon.
             The game lasted 00:04:06 (2659 turns).

lordive the Conjurer (Tengu Conjurer)               Turns: 2659, Time: 00:04:06

Health: -2/24      AC:  3    Str:  8    XL:     4   Next: 45%
Magic:  2/9        EV: 12    Int: 20    God:
Gold:   134        SH:  0    Dex: 12    Spells: 5/8 levels left

rFire   . . .        (no weapon)
rCold   . . .        (no shield)
rNeg    . . .        a - +0 robe
rPois   .            (helmet restricted)
rElec   .            (no cloak)
rCorr   .            f - +0 pair of gloves
SInv    .            (boots unavailable)
Will    .....        (no amulet)
Stlth   ++           (no ring)
HPRegen 0.24/turn    (no ring)
MPRegen 0.11/turn

%: acrobat
@: no status effects
A: beak, talons 3, acrobatic
a: no special abilities


You were on level 4 of the Dungeon.
You visited 1 branch of the dungeon, and saw 4 of its levels.

You collected 134 gold pieces.

Inventory:

Hand Weapons
 m - a +0 dagger of electrocution
Armour
 a - a +0 robe (worn)
 f - a +0 pair of gloves (worn)
Magical Staves
 j - a staff of fire
Wands
 r - a wand of polymorph (7)
Scrolls
 e - 2 scrolls of teleportation {unknown}
 g - a scroll of brand weapon {unknown}
 h - a scroll of enchant weapon {unknown}
 l - 2 scrolls of vulnerability {unknown}
 n - a scroll of amnesia {unknown}
 o - 3 scrolls of identify {unknown}
 p - a scroll of revelation {unknown}
 q - a scroll of torment {unknown}
Potions
 b - a potion of magic
 c - 2 potions of heal wounds {unknown}
 d - 3 potions of curing {unknown}
 i - a potion of lignification {unknown}
 k - a potion of haste {unknown}


   Skills:
 + Level 2.5 Dodging
 - Level 2.0 Stealth
 + Level 2.9 Spellcasting
 + Level 6.7 Conjurations


You had 5 spell levels left.
You knew the following spells:

 Your Spells              Type           Power      Damage    Failure   Level
a - Magic Dart            Conj           100%       1d8       1%          1
b - Searing Ray           Conj           60%        2d6       1%          2

Your spell library contained the following spells:

 Spells                   Type           Power      Damage    Failure   Level
 Fulminant Prism          Conj/Alch      8%         3d7       34%         4
 Iskenderun's Mystic Bla  Conj/Tloc      16%        2d5       34%         4
 Inner Flame              Hex/Fire       2%         N/A       41%         3
 Irradiate                Conj/Alch      8%         3d14      69%         5
 Ignition                 Fire           1%         3d3       100%        8


Dungeon Overview and Level Annotations

Branches:
Dungeon (4/15)
 Temple: D:4-7

Altars:


Innate Abilities, Weirdness & Mutations

You have a beak for a mouth.
You have claws for feet.
You can magically evade attacks while moving or waiting.


Message History

Aiming: Searing Ray (safe; 1% risk of failure)
Press: ? - help, Shift-Dir - straight line, f - gnoll
Aim: a gnoll, wielding a +0 spear (82% to hit)
The searing ray hits the gnoll.
The gnoll is moderately wounded.
The searing ray hits the gnoll but does no damage. (Press . to maintain the ray.)
The gnoll hits you from afar with a +0 spear!
The searing ray hits the gnoll.
The gnoll is severely wounded.
The searing ray hits the gnoll.
The gnoll is moderately wounded.
The searing ray hits the gnoll.
The gnoll is heavily wounded.
The searing ray hits the gnoll.
The gnoll is severely wounded.
The searing ray misses the gnoll. x2
Without enough magic to sustain it, your searing ray dissipates.
The gnoll misses you. x2
Casting: Searing Ray (safe; 1% risk of failure)
Confirm with . or Enter, or press ? or * to list all spells.
You don't have enough magic to cast this spell.
The gnoll attacks as it pursues you!
The gnoll hits you from afar with a +0 spear.
Found a stone staircase leading down.
The gnoll attacks as it pursues you! The gnoll misses you.
You see here a wand of polymorph (7).
r - a wand of polymorph (7)
The gnoll hits you from afar with a +0 spear.
The gnoll closely misses you.
A dart slug comes into view.
The gnoll attacks as it pursues you!
The gnoll hits you from afar with a +0 spear!
* * * LOW HITPOINT WARNING * * *
2 hobgoblins come into view.
The gnoll attacks as it pursues you! The gnoll barely misses you.
There is a stone staircase leading down here.
You can't go up here!
The gnoll hits you from afar with a +0 spear!
You die...

#...#....$?.#.........
......#......##.........
#.g#....................
##.#........ #..####....
........... ##....######
.....w....###.$..#####.<
...........g.g..........
.........gg###..........
.......@.### ####.......
#.....#### ######..
#.... #.# ##.. ### #. #g
.


You could see 4 gnolls, a dart slug and 2 hobgoblins.

Vanquished Creatures
  2 adders (D:2)
  A ribbon worm (D:2)
  3 dart slugs
  3 ball pythons
  6 bats
  5 endoplasms
  3 giant cockroaches (D:1)
  8 goblins
  11 hobgoblins
  2 kobolds (D:1)
  A quokka (D:1)
  A frilled lizard (D:2)
  6 rats
52 creatures vanquished.

Notes
Turn   | Place    | Note
-------+----------+-------------------------------------------
     0 | D:1      | lordive the Tengu Conjurer began the quest for the Orb.
     0 | D:1      | Reached XP level 1. HP: 10/10 MP: 4/4
   209 | D:1      | Reached XP level 2. HP: 15/15 MP: 4/6
   251 | D:1      | Learned a level 2 spell: Searing Ray
   359 | D:1      | Reached skill level 6 in Conjurations
   650 | D:1      | Reached XP level 3. HP: 19/19 MP: 5/7
  1588 | D:2      | Reached XP level 4. HP: 24/24 MP: 0/8
  2659 | D:4      | Slain by a gnoll

Illustrated notes

Levels and vault maps discovered:
D:1:      mainiacjoe_arrival_oval_in_oval, layout_loops_ring,
          minmay_tetromino_s4
D:2:      layout_loops_corners
D:3:      layout_basic, nzn_wu_jian_contemplation,
          shapermc_ecumenical_altar_petra, serial_shops, shop
D:4:      layout_cave_pools, nicolae_dithmenos_the_darkroom,
          amcnicky_altar_gilded, gammafunk_ghost_grave, uniq_pikel,
          uniq_duvessa, uniq_robin

Skill      XL: |  1  2 |
---------------+-------+-----
Conjurations   | 6 |  6.7
Dodging        | |  2.5
Stealth        | |  2.0
Spellcasting   | |  2.9

Action                     |  1- 3 |  4- 6 || total
---------------------------+-------+-------++-------
   Cast: Magic Dart        |    46 |    23 ||    69
         Searing Ray       |    10 |     8 ||    18
 Armour: Robe              |     5 |     8 ||    13
  Dodge: Dodged            |    22 |     6 ||    28
